 Dungeon Crawl Stone Soup version 0.22-a0-480-g991dd4b (webtiles) character file.

15 KillYourself the Skirmisher (level 2, -4/24 HPs)
             Began as a Demonspawn Abyssal Knight on June 16, 2018.
             Was a Follower of Lugonu.
             Slain by a gnoll
             ... wielding a +0 club
              (7 damage)
             ... on level 1 of the Dungeon.
             The game lasted 00:01:23 (229 turns).

KillYourself the Skirmisher (DsAK)                   Turns: 229, Time: 00:01:23

Health: -4/24      AC:  3    Str: 12    XL:     2   Next: 34%
Magic:  3/3        EV: 11    Int: 13    God:    Lugonu [*.....]
Gold:   0          SH:  0    Dex: 12    Spells: 1/1 levels left

rFire    . . .     SeeInvis .   a - +1 falchion
rCold    . . .     Gourm    .   (no shield)
rNeg     . . .     Faith    .   b - +0 leather armour
rPois    .         Spirit   .   (helmet restricted)
rElec    .         Reflect  .   (no cloak)
rCorr    .         Harm     .   (no gloves)
MR       .....                  (no boots)
Stlth    +.........             (no amulet)
HPRegen  0.08/turn              (no ring)
MPRegen  0.08/turn              (no ring)

@: no status effects
A: horns 1
a: Depart the Abyss, Renounce Religion


You were on level 1 of the Dungeon.
You worshipped Lugonu.
Lugonu was aware of your devotion.
You were not hungry.

You visited 1 branch of the dungeon, and saw 1 of its levels.
You visited the Abyss 1 time.

Inventory:

Hand Weapons
 a - a +1 falchion (weapon)
Armour
 b - a +0 leather armour (worn)
Comestibles
 c - 2 rations
 d - a chunk of flesh


   Skills:
 + Level 3.4 Fighting
 + Level 1.7 Long Blades
 + Level 2.1 Armour
 + Level 1.0 Dodging
 + Level 2.4 Invocations


You had one spell level left.
You didn't know any spells.
Your spell library was empty.

Dungeon Overview and Level Annotations

Branches:
Dungeon (1/15)

Altars:


Innate Abilities, Weirdness & Mutations

You have a pair of small horns on your head.


Message History

a chunk of flesh x2; a jackal skeleton; 3 chunks of flesh The gnoll barely misses you.
You hit the gnoll.
The gnoll is moderately wounded.
The gnoll hits you with a club!
* * * LOW HITPOINT WARNING * * *
You barely miss the gnoll. You headbutt the gnoll.
The gnoll is moderately wounded.
The gnoll barely misses you.
You riposte.
You closely miss the gnoll.
The gnoll is moderately wounded.
The gnoll closely misses you.
You riposte.
You closely miss the gnoll.
The gnoll is moderately wounded.
You hit the gnoll.
The gnoll is heavily wounded.
The gnoll hits you with a club.
* * * LOW HITPOINT WARNING * * *
You hit the gnoll.
The gnoll is severely wounded.
The gnoll hits you with a club!
You die...

#. .# #. ... #. #.#
#####. #.# .....###
#.####### .....#
#........
.#.###.#.#####.....###
.........g@..........#
.#.....#.#####.....#.#
# #.###.#.#
#.....#)#.# ....#
#####.#.....# #...##
#.......#.### #...
#............
#...####.......#.###
#.................#
##....###........#.#


You could see a gnoll.

Vanquished Creatures
  A leopard gecko (D:1)
  A giant cockroach (D:1)
  A goblin (D:1)
  4 jackals (D:1)
  2 kobolds (D:1)
  A ball python (D:1)
  A bat (D:1)
  2 rats (D:1)
13 creatures vanquished.

Notes
Turn   | Place    | Note
-------+----------+-------------------------------------------
     0 | Abyss:1  | KillYourself the Demonspawn Abyssal Knight began the quest for the Orb.
     0 | Abyss:1  | Reached XP level 1. HP: 18/18 MP: 2/2
    48 | Abyss:1  | Noticed an ancient zyme
    52 | D:1      | Escaped the Abyss
   173 | D:1      | Reached * piety under Lugonu
   173 | D:1      | Reached skill level 1 in Dodging
   188 | D:1      | Gained mutation: You have a pair of small horns on your head. [demonic ancestry]
   188 | D:1      | Reached XP level 2. HP: 24/24 MP: 3/3
   229 | D:1      | Slain by a gnoll

Vault maps used:
D:1:      lemuel_arrival_hallway

Skill      XL: |  1 |
---------------+----+-----
Armour         | 2 |  2.1
Dodging        | 1 |  1.0
Fighting       | |  3.4
Long Blades    | |  1.7
Invocations    | |  2.4

Action                   || total
-------------------------++-------
Melee: Falchion          ||    35
       Headbutt          ||     1
Invok: Depart the Abyss  ||     1
Armor: Leather armour    ||    19
Dodge: Dodged            ||    30
       Rpst.: Falchion   ||     8

Table legend:
 A = Spawn XP
 B = Non-spawn XP
 C = Spawn XP percentage of total XP
 D = Spawn monster count
 E = Non-spawn monster count
 F = Spawn count percentage of total count
 G = Total turns spent on level
                    A         B        C        D         E        F      G
               +---------+---------+-------+---------+---------+-------+---------
         Total |       0 |      22 |   0.0 |       0 |      13 |   0.0 |   229
               +---------+---------+-------+---------+---------+-------+---------
           D:1 |       0 |      22 |   0.0 |       0 |      13 |   0.0 |   177
               +---------+---------+-------+---------+---------+-------+---------
